 Dungeon Crawl Stone Soup version 0.28.0-45-g0d030f2227 (webtiles) character file.

Game seed: 10655225721610180273

2 zeratav the Insei (level 1, 0/13 HPs)
             Began as an Octopode Transmuter on Apr 9, 2022.
             Slain by a jackal (3 damage)
             ... on level 1 of the Dungeon.
             The game lasted 00:00:25 (64 turns).

zeratav the Insei (Octopode Transmuter)               Turns: 64, Time: 00:00:26

Health: 0/13       AC:  1    Str:  9    XL:     1   Next: 40%
Magic:  3/3        EV: 13    Int: 15    God:
Gold:   0          SH:  0    Dex: 12    Spells: 3/4 levels left

rFire   . . .      SeeInvis .     - Unarmed
rCold   . . .      Faith    .   (no shield)
rNeg    . . .      Spirit   .   (helmet restricted)
rPois   .          Reflect  .   (no amulet)
rElec   .          Harm     .   (no ring)
rCorr   .          Rampage  .   (no ring)
Will    .....                   (no ring)
Stlth   ++........              (no ring)
HPRegen 0.04/turn               (no ring)
MPRegen 0.08/turn               (no ring)
                                (no ring)
                                (no ring)

@: no status effects
A: almost no armour, amphibious, 8 rings, camouflage 1, gelatinous body 1,
(nimble swimmer 1), tentacles
a: no special abilities


You were on level 1 of the Dungeon.
You visited 1 branch of the dungeon, and saw 1 of its levels.


Innate Abilities, Weirdness & Mutations

You cannot wear most types of armour.
You are amphibious.
You can wear up to eight rings at the same time.
Your skin changes colour to match your surroundings (Stealth+).
Your rubbery body absorbs attacks. (AC +1, EV +1)
((You are camouflaged when in or above water. (Stealth+)))
You have tentacles for arms and can constrict up to eight enemies at once.


   Skills:
 + Level 1.0 Fighting
 + Level 2.0 Dodging
 + Level 0.3 Stealth
 * Level 3.0 Unarmed Combat
 - Level 2.0 Spellcasting
 - Level 2.0 Transmutations


You had 3 spell levels left.
You knew the following spells:

 Your Spells              Type           Power      Damage    Failure   Level
a - Beastly Appendage     Tmut           14%        N/A       10%         1

Your spell library contained the following spells:

 Spells                   Type           Power      Damage    Failure   Level
 Wereblood                Tmut           7%         N/A       14%         2
 Sublimation of Blood     Necr           1%         N/A       32%         2
 Spider Form              Tmut/Pois      4%         N/A       41%         3
 Ice Form                 Ice/Tmut       4%         N/A       82%         4
 Petrify                  Tmut/Erth      4%         N/A       82%         4
 Irradiate                Conj/Tmut      2%         3d14      99%         5

You aren't carrying anything.

Dungeon Overview and Level Annotations

Branches:
Dungeon (1/15)

Altars:

.. # .# #. .. ..> .# #...
#. .....#h#########
......hbbKh@...############
...$..)r######............#
.......†# ##.#########.#
........# #.#.......#.#
........# #.+...<...'.#
........# #.#.......#.#
........# #.#########.#
........# #.#.......#.#
....?...# #.+.>.>.>.'.#


You could see a quokka, 3 jackals, 2 bats and a kobold.


Message History

🤖 Initializing magus.rc ... ✅ Successfully initialized magus.rc [v1.9.6] Welcome, zeratav the Octopode Transmuter.
Everyone else who sought the Orb of Zot has failed.
Will you be different?
Press ? for a list of commands and other information.
Found a book of Alchemy.
Found two stairs.
You miscast Beastly Appendage.
You are very lightly contaminated with residual magic.
Nothing appears to happen.
MP[-1]
You lost 1 mp, and now have 2/3 mp.
Your magical contamination has completely faded away.
You open the door.
There is an open door here.
You open the door.
There is an open door here.
You pick up a book of Alchemy and begin reading...
You add the spells Sublimation of Blood, Petrify and Irradiate to your library.
MP[+1]
Your mp is fully restored (3).
You're too inexperienced to learn that spell!
There is an open door here.
A goblin comes into view. It is wielding a +0 club.
One of your tentacles grows a vicious spike.
MP[-1]
You lost 1 mp, and now have 2/3 mp.
A frilled lizard comes into view.
A hobgoblin and a ball python come into view.
The ball python hisses angrily.
A jackal and a kobold come into view.
Found a scroll labelled HUOTOU MAFI.
Found an escape hatch in the floor.
Your transformation is almost over.
The goblin shouts!
The kobold shouts!
The jackal barks!
You hear a bark!
A bat comes into view.
The hobgoblin barely misses you.
The frilled lizard hisses angrily.
You closely miss the hobgoblin. You grab the hobgoblin.
You constrict the hobgoblin, but do no damage.
A jackal comes into view.
You tentacle-slap the hobgoblin.
You constrict the hobgoblin, but do no damage.
The hobgoblin barely misses you.
A quokka comes into view.
A jackal comes into view.
You barely miss the hobgoblin.
You pierce the hobgoblin.
You squeeze the hobgoblin.
You kill the hobgoblin!
The bat hits you.
A bat comes into view.
A hobgoblin comes into view.
The ball python bites you. The ball python misses you.
The bat moves out of view.
A jackal comes into view.
You tentacle-slap the goblin.
You kill the goblin!
The kobold throws a stone.
The stone closely misses you. The bat hits you.
The ball python closely misses you. The ball python grabs you.
The ball python constricts you.
You tentacle-slap the ball python but do no damage.
You grab the ball python. You constrict the ball python.
The bat hits you but does no damage.
The kobold throws a stone.
The stone hits you. The ball python barely misses you.
The ball python constricts you.
* * * LOW HITPOINT WARNING * * *
You tentacle-slap the ball python.
You kill the ball python!
The bat hits you but does no damage. The jackal bites you.
* * * LOW HITPOINT WARNING * * *
You are too injured to fight recklessly!
You are too injured to fight recklessly!
You are too injured to fight recklessly!
You are too injured to fight recklessly!
HP[-10]
You take 10 damage, and now have 3/13 hp.
MASSIVE DAMAGE!! (PAUSE)
You are too injured to fight recklessly!
You are too injured to fight recklessly!
You are too injured to fight recklessly!
You are too injured to fight recklessly!
You are too injured to fight recklessly!
You are too injured to fight recklessly!
You are too injured to fight recklessly!
You are too injured to fight recklessly!
You are too injured to fight recklessly!
The kobold hits you but does no damage. The jackal barely misses you.
Your tentacle spike disappears.
MP[+1]
Your mp is fully restored (3).
The jackal closely misses you.
You barely miss the jackal. Your grab misses the jackal.
The jackal barely misses you.
You barely miss the jackal. You grab the jackal. You constrict the jackal.
The jackal completely misses you.
The quokka twitches its whiskers.
You tentacle-slap the jackal.
You constrict the jackal, but do no damage.
The jackal bites you.
You die...

Action                   || total
-------------------------++-------
Melee: Unarmed           ||     9
       Constrict         ||     3
       Kick              ||     1
       Tentacles         ||     1
 Cast: Beastly Appendage ||     1
Armor: Skin              ||     3
Dodge: Dodged            ||    10

Levels and vault maps discovered:
D:1:      minmay_arrival_up_and_down, layout_rooms

Notes
Turn   | Place    | Note
-------+----------+-------------------------------------------
     0 | D:1      | zeratav the Octopode Transmuter began the quest for the
                  | Orb.
     0 | D:1      | Reached XP level 1. HP: 13/13 MP: 3/3
     0 | D:1      | magus.rc [v1.9.6]
    24 | D:1      | You pick up a book of Alchemy and begin reading...
    24 | D:1      | You add the spells Sublimation of Blood, Petrify and
                  | Irradiate to your library.
    57 | D:1      | HP: 3/13 [jackal (3)]
    64 | D:1      | Slain by a jackal

Vanquished Creatures
  A hobgoblin (D:1)
  A ball python (D:1)
  A goblin (D:1)
3 creatures vanquished.

Table legend:
 A = Non-vault XP
 B = Vault XP
 C = Vault XP percentage of total XP
 D = Non-vault monster count
 E = Vault monster count
 F = Vault count percentage of total count
                 A         B        C        D         E       F
            +---------+---------+-------+---------+---------+-------
      Total |       4 |       0 |   0.0 |       3 |       0 |   0.0
            +---------+---------+-------+---------+---------+-------
        D:1 |       4 |       0 |   0.0 |       3 |       0 |   0.0
            +---------+---------+-------+---------+---------+-------

Illustrated notes

Table legend:
 A = Kills in this place as a percentage of kills in entire the game.
 B = Kills by you in this place as a percentage of kills by you in the entire game.
 C = Kills by friends in this place as a percentage of kills by friends in the entire game.
 D = Other kills in this place as a percentage of other kills in the entire game.
 E = Experience gained in this place as a percentage of experience gained in the entire game.
 F = Experience gained in this place divided by the number of levels of this place that you have seen.
                   A       B       C       D       E      F
               +-------+-------+-------+-------+-------+----------------------
         Total | 100.0 | 100.0 |   N/A |   N/A | 100.0 |   4.0
       Dungeon | 100.0 | 100.0 |   N/A |   N/A | 100.0 |   4.0
               +-------+-------+-------+-------+-------+----------------------

Table legend: (Time is in decaauts)
 A = Elapsed time spent in this place.
 B = Non-inter-level travel time spent in this place.
 C = Inter-level travel time spent in this place.
 D = Time resting spent in this place.
 E = Time spent auto-exploring this place.
 F = Levels seen in this place.
 G = Mean time per level.
                   A        B        C        D        E       F      G
               +--------+--------+--------+--------+--------+-----+--------+
         Total |     63 |     63 |      0 |      0 |     45 |   1 |   63.0 |
       Dungeon |     63 |     63 |      0 |      0 |     45 |   1 |   63.0 |
               +--------+--------+--------+--------+--------+-----+--------+

Top non-repeatable levels by time:
     D:1: 63 daAuts
